Map: Defender's Landing LE

Players

herO - Winner!

  • Race: Protoss Protoss
  • League: Master
  • Spawn Location: 1:00

TYTY

  • Race: Terran Terran
  • Spawn Location: 7:00

VOD

Have the link to the VOD?

Description

Time

  • Played on: July 29, 2017, 9:50 p.m.
  • Length: 10:14
Show
View Real Time Build Order
Export as new Build Order

herO Protoss - Winner!

Build Orders: Oracle Opening 

Get SALT Encoding   

  12  0:01  Probe (Chrono Boost)  
  13  0:13  Pylon  
  13  0:17  Probe (Chrono Boost)  
  14  0:27  Probe (Chrono Boost)  
  15  0:34  Gateway  
  15  0:38  Probe (Chrono Boost)  
  16  0:43  Assimilator  
  16  0:49  Probe (Chrono Boost)  
  17  0:51  Assimilator  
  17  0:59  Probe (Chrono Boost)  
  18  1:10  Probe (Chrono Boost)  
  19  1:20  Probe (Chrono Boost)  
  19  1:22  Cybernetics Core  
  20  1:30  Pylon  
  20  1:31  Probe (Chrono Boost)  
  21  1:41  Probe (Chrono Boost)  
  22  1:52  Probe (Chrono Boost)  
  23  1:59  Stargate, Adept (Chrono Boost)  
  25  2:02  Probe  
  25  2:04  Warp Gate  
  26  2:21  Pylon  
  26  2:23  Adept (Chrono Boost)  
  28  2:41  Oracle (Chrono Boost)  
  31  2:53  Nexus  
  31  2:59  Pylon  
  31  3:17  Probe, Oracle (Chrono Boost)  
  35  3:25  Pylon  
  35  3:29  Probe  
  35  3:33  Twilight Council  
  36  3:41  Probe (Chrono Boost)  
  37  3:52  Probe (Chrono Boost)  
  37  3:54  Gateway  
  37  3:55  Gateway  
  39  4:02  Probe (Chrono Boost)  
  39  4:08  Stalker  
  41  4:15  Blink (Chrono Boost)  
  41  4:19  Probe x2  
  43  4:29  Probe  
  44  4:32  Probe, Stalker  
  47  4:39  Pylon  
  47  4:43  Probe  
  47  4:44  Probe  
  49  4:50  Stalker  
  51  4:55  Stalker  
  53  5:00  Stalker  
  53  5:03  Pylon  
  53  5:04  Probe x2  
  57  5:14  Probe  
  57  5:16  Probe  
  59  5:23  Stalker x3  
  65  5:28  Pylon  
  65  5:30  Probe  
  65  5:31  Probe  
  67  5:37  Assimilator  
  67  5:38  Assimilator  
  67  5:49  Stalker x3  
  73  5:51  Probe  
  73  5:52  Probe  
  75  6:02  Forge, Probe  
  76  6:04  Probe  
  77  6:18  Stalker x2  
  77  6:20  Probe  
  77  6:21  Probe  
  77  6:28  Charge (Chrono Boost)  
  77  6:32  Pylon  
  73  6:34  Protoss Ground Weapons Level 1 (Chrono Boost)  
  73  6:37  Nexus  
  73  6:45  Probe  
  74  6:53  Probe  
  75  6:57  Probe  
  75  7:01  Pylon  
  76  7:05  Gateway  
  76  7:06  Gateway  
  76  7:08  Sentry x2, Gateway  
  80  7:15  Stalker  
  79  7:16  Probe  
  79  7:17  Probe  
  81  7:28  Probe  
  81  7:29  Mothership Core  
  84  7:31  Stalker  
  86  7:40  Probe, Gateway  
  86  7:42  Pylon  
  87  7:47  Gateway  
  87  7:53  Probe x3  
  87  7:56  Sentry x2  
  93  8:02  Robotics Facility  
  91  8:07  Protoss Ground Armor Level 1 (Chrono Boost)  
  91  8:12  Stalker  
  93  8:14  Stalker x2  
  93  8:19  Probe  
  89  8:20  Probe x2  
  92  8:30  Probe  
  92  8:32  Probe x2  
  95  8:43  Zealot x2  
  95  8:44  Zealot x3  
  95  8:46  Pylon  
  105  8:48  Probe  
  105  8:50  Probe x2, Templar Archives  
  105  8:51  Observer (Chrono Boost)  
  109  8:56  Assimilator x2  
  109  9:05  Pylon  
  109  9:11  Pylon  
  109  9:13  Zealot x2  
  117  9:17  Pylon  
  117  9:25  Immortal (Chrono Boost)  
  117  9:29  Zealot, High Templar x4  
  125  9:35  Zealot, Pylon, Archon x2  
  125  9:36  Zealot, Pylon  
  129  9:46  Pylon  
  129  10:04  Zealot x2  
  129  10:05  Stalker x5  
Show
View Real Time Build Order
Export as new Build Order

TYTY Terran 

Build Orders: MMM Bio 

Get SALT Encoding   

  12  0:00  SCV  
  13  0:12  SCV  
  14  0:17  Supply Depot  
  14  0:24  SCV  
  15  0:39  SCV  
  15  0:41  Barracks  
  16  0:44  Refinery  
  16  0:51  SCV  
  17  1:03  SCV  
  18  1:15  SCV  
  19  1:27  Marine  
  19  1:28  Orbital Command  
  20  1:46  Barracks Reactor, Command Center  
  20  1:56  Supply Depot  
  20  1:57  SCV  
  21  2:09  SCV  
  21  2:13  Engineering Bay  
  22  2:21  SCV, Marine  
  22  2:22  Marine  
  25  2:28  Factory  
  25  2:32  Bunker  
  25  2:35  SCV  
  26  2:42  Marine  
  27  2:44  Marine  
  27  2:47  SCV  
  29  2:52  Missile Turret  
  28  2:59  SCV  
  28  3:00  Marine  
  28  3:02  Marine  
  31  3:07  Orbital Command  
  33  3:15  Cyclone  
  33  3:21  Marine x2  
  33  3:23  SCV  
  34  3:28  Refinery  
  34  3:33  SCV  
  35  3:35  SCV  
  35  3:39  Marine x2  
  38  3:47  SCV  
  39  3:51  Barracks  
  39  3:53  Cyclone  
  42  4:00  Marine x2  
  44  4:02  SCV  
  44  4:03  SCV  
  43  4:15  SCV  
  43  4:16  Orbital Command  
  46  4:26  Factory Tech Lab  
  46  4:30  SCV  
  46  4:31  Supply Depot  
  46  4:37  Barracks Tech Lab  
  46  4:48  Starport  
  46  4:51  SCV x2  
  46  4:52  Missile Turret  
  46  4:53  Marine x2, Factory Reactor  
  46  4:56  Stimpack, Marine  
  49  5:03  SCV  
  49  5:06  SCV  
  51  5:07  Barracks  
  51  5:12  Marine  
  53  5:16  SCV  
  53  5:18  SCV  
  53  5:19  Supply Depot  
  54  5:27  Liberator  
  54  5:29  Supply Depot  
  54  5:31  SCV  
  54  5:35  Missile Turret  
  54  5:36  Bunker x2  
  54  5:41  SCV  
  54  5:42  Supply Depot  
  58  5:45  SCV  
  60  5:51  Siege Tank, Marine  
  60  5:52  Marine  
  60  5:53  Supply Depot  
  64  6:00  SCV x2  
  64  6:01  Supply Depot  
  66  6:06  Refinery  
  65  6:12  SCV  
  65  6:13  Marine x2  
  61  6:20  SCV  
  61  6:24  SCV  
  59  6:31  Orbital Command  
  56  6:35  Marine x2  
  58  6:41  Hellion  
  57  6:48  Medivac x2  
  57  6:54  Marine x2  
  62  6:57  Marine  
  64  7:01  Supply Depot  
  64  7:15  Orbital Command  
  64  7:22  Marine x2  
  64  7:23  Siege Tank  
  64  7:24  Marauder  
  64  7:25  SCV  
  72  7:32  Medivac  
  74  7:38  SCV  
  74  7:40  Supply Depot  
  74  7:43  Marine  
  76  7:44  Marine  
  78  8:01  Marine  
  78  8:02  Siege Tank, Marauder, Marine  
  82  8:05  Supply Depot  
  82  8:06  SCV, Supply Depot  
  80  8:16  SCV  
  80  8:18  Liberator, SCV  
  79  8:20  Combat Shields  
  79  8:27  Marine x2  
  79  8:28  Marauder  
  79  8:32  Missile Turret  
  86  8:41  Barracks  
  86  8:42  SCV x2  
  86  8:45  Marine x2  
  88  8:50  Marauder  
  90  8:58  SCV x2  
  90  8:59  Factory Reactor  
  90  9:01  Command Center  
  92  9:04  Marine x2, Medivac  
  96  9:16  SCV x2  
  98  9:25  Marine x2  
  98  9:30  Medivac  
  102  9:36  Supply Depot  
  102  9:37  Refinery  
  102  9:41  Widow Mine x2  
  102  9:42  Medivac  
  102  9:43  Marine  
  110  9:48  Marine  
  110  9:56  Supply Depot x2  
Tags
 
Add a new tag
Caveats
  • Supply blocks, unpowered buildings, or Contaminate may cause inaccurate times.
  • Supply counts are checked every 10 seconds.